 Dungeon Crawl Stone Soup version 0.20.0-9-g8272e65 (webtiles) character file.

938 Darkell the Chiller (level 7, -1/46 HPs)
             Began as a Demonspawn Ice Elementalist on June 3, 2017.
             Slain by a sky beast (5 damage)
             ... on level 6 of the Dungeon.
             The game lasted 00:05:55 (4809 turns).

Darkell the Chiller (Demonspawn Ice Elementalist)   Turns: 4809, Time: 00:05:56

Health: -1/46      AC:  2    Str:  8    XL:     7   Next: 87%
Magic:  13/15      EV: 15    Int: 18    God:
Gold:   187        SH:  0    Dex: 17    Spells: 15/16 levels left

rFire    . . .     SeeInvis .   e - +0 short sword
rCold    . . .     Gourm    .   (no shield)
rNeg     + . .     Faith    .   a - +0 robe
rPois    .         Spirit   .   (no helmet)
rElec    .         Reflect  .   (no cloak)
rCorr    .         Harm     .   (no gloves)
MR       .....                  (no boots)
Stlth    +++.......             (no amulet)
Regen    0.2/turn               j - ring of positive energy
MPRegen  0.2/turn               r - +3 ring of dexterity

@: no status effects
A: claws 1, repulsion field 1, nightstalker 1, spiny 1
a: no special abilities


You were on level 6 of the Dungeon.
You were hungry.

You visited 1 branch of the dungeon, and saw 6 of its levels.

You collected 187 gold pieces.

Inventory:

Hand Weapons
 e - a +0 short sword (weapon)
 m - a +0 hunting sling
Missiles
 n - 17 sling bullets
Armour
 a - a +0 robe (worn)
Jewellery
 j - a ring of positive energy (left claw)
 p - an uncursed ring of fire
 r - a +3 ring of dexterity (right claw)
 t - a +3 ring of evasion
Scrolls
 g - a scroll of noise {unknown}
 k - a scroll of recharging {unknown}
 s - 3 scrolls of identify {unknown}
 v - a scroll of teleportation {unknown}
Potions
 d - a potion of curing
 f - a potion of lignification
 h - a potion of invisibility {unknown}
 o - a potion of magic {unknown}
 q - 2 potions of heal wounds
 u - a potion of brilliance {unknown}
Books
 b - a book of Frost

   Spells                             Type                      Level
   a - Freeze                         Ice                          1
   b - Throw Frost                    Conjuration/Ice              2
   c - Ozocubu's Armour               Charms/Ice                   3
   d - Throw Icicle                   Conjuration/Ice              4
   e - Summon Ice Beast               Ice/Summoning                4
Comestibles
 c - 3 bread rations
 i - a meat ration
 l - 7 fruits


   Skills:
 - Level 0.2 Fighting
 - Level 0.3 Short Blades
 + Level 2.5 Dodging
 - Level 2.1 Stealth
 + Level 5.3 Spellcasting
   Level 1.0 Conjurations
 - Level 6.6 Ice Magic


You had 15 spell levels left.
You knew the following spells:

 Your Spells              Type           Power        Failure   Level  Hunger
a - Freeze                Ice            ####         1%          1    None


Dungeon Overview and Level Annotations

Branches:
Dungeon (6/15)
 Temple: D:4-7

Altars:
Elyvilon
Makhleb
Xom
Yredelemnul

Annotations:
D:3 siprus's ghost, amateur DsAK


Innate Abilities, Weirdness & Mutations

You have sharp fingernails.
You are surrounded by a mild repulsion field. (EV +2)
You are slightly more attuned to the shadows.
You are partially covered in sharp spines.


Message History

The bullfrog zombie closely misses you. Something hits you.
Something shocks you.
The bullfrog zombie is struck by your spines.
The bullfrog zombie hits you but does no damage.
You are too injured to fight recklessly!
You are too injured to fight recklessly!
You are too injured to fight recklessly!
You are too injured to fight recklessly!
You are too injured to fight recklessly!
You hit the bullfrog zombie.
The bullfrog zombie is almost destroyed.
Something hits you. Something shocks you.
* * * LOW HITPOINT WARNING * * *
The bullfrog zombie is struck by your spines.
You destroy the bullfrog zombie!
You see here 12 stones.
You start resting.
Something hits you.
* * * LOW HITPOINT WARNING * * *
Something shocks you.
You die...

#######
########.....##########
......##.....†.#@.....#
#.###.##.......#......#
........!.#
#.#............#......#
......................#
.............###...<#+#
.............# .....#
.............# ..!.#


There were no monsters in sight!

Vanquished Creatures
  A wyvern (D:5)
  A scorpion (D:5)
  A howler monkey (D:5)
  A crimson imp (D:5)
  2 hounds
  A bullfrog zombie (D:6)
  2 jellies
  An orc priest (D:5)
  A bullfrog skeleton (D:5)
  6 orc wizards
  4 worker ants
  2 hound skeletons
  4 gnolls (D:6)
  5 adders
  2 oozes
  A worm (D:4)
  2 dart slugs (D:4)
  6 leopard geckos
  11 orcs
  5 bats
  3 giant cockroaches
  7 goblins
  4 hobgoblins
  3 jackals (D:5)
  A quokka (D:4)
  A ball python (D:2)
  8 frilled lizards
  5 kobolds
  A leopard gecko zombie (D:5)
  4 rats
96 creatures vanquished.

Notes
Turn   | Place    | Note
-------+----------+-------------------------------------------
     0 | D:1      | Darkell the Demonspawn Ice Elementalist began the quest for the Orb.
     0 | D:1      | Reached XP level 1. HP: 13/13 MP: 3/3
    56 | D:1      | Reached skill level 3 in Ice Magic
    67 | D:1      | Gained mutation: You are slightly more attuned to the shadows. [demonic ancestry]
    67 | D:1      | Reached XP level 2. HP: 11/19 MP: 1/5
   465 | D:1      | Found a stormy altar of Qazlal.
   466 | D:1      | Found a white marble altar of Elyvilon.
   466 | D:1      | Found a shimmering altar of Xom.
   469 | D:1      | Found a burning altar of Makhleb.
   469 | D:1      | Found a basalt altar of Yredelemnul.
   469 | D:1      | Found a basalt altar of Yredelemnul.
   766 | D:2      | Gained mutation: You have sharp fingernails. [demonic ancestry]
   766 | D:2      | Reached XP level 3. HP: 24/24 MP: 6/6
  1418 | D:3      | Reached XP level 4. HP: 4/30 MP: 4/8
  1677 | D:3      | Noticed siprus's ghost (amateur DsAK)
  2140 | D:4      | Reached skill level 4 in Ice Magic
  2277 | D:4      | Reached XP level 5. HP: 21/35 MP: 4/9
  2624 | D:4      | Reached skill level 5 in Ice Magic
  3107 | D:4      | Gained mutation: You are surrounded by a mild repulsion field. (EV +2) [demonic ancestry]
  3107 | D:4      | Reached XP level 6. HP: 16/41 MP: 6/10
  3767 | D:5      | Entered Level 5 of the Dungeon
  3784 | D:5      | Noticed a wyvern
  3794 | D:5      | Killed a wyvern
  3794 | D:5      | Reached skill level 6 in Ice Magic
  4050 | D:5      | Gained mutation: You are partially covered in sharp spines. [demonic ancestry]
  4050 | D:5      | Reached XP level 7. HP: 43/46 MP: 7/11
  4507 | D:6      | Reached skill level 5 in Spellcasting
  4809 | D:6      | Slain by a sky beast

Skill      XL: |  1  2  3  4  5  6  7 |
---------------+----------------------+-----
Ice Magic      | 3 4 5 6 |  6.6
Stealth        | 2 |  2.1
Spellcasting   | 3 5 |  5.3
Dodging        | 2 |  2.5
Fighting       | |  0.2
Short Blades   | |  0.3
Conjurations   | |  1.0

Action                   |  1- 3 |  4- 6 |  7- 9 || total
-------------------------+-------+-------+-------++-------
Melee: Short sword       |    53 |    60 |    31 ||   144
 Cast: Freeze            |    37 |    69 |    39 ||   145
  Use: Potion            |       |     2 |       ||     2
 Stab: Sleeping          |     6 |     6 |     4 ||    16
  Eat: Chunk             |     2 |     7 |     2 ||    11
       Fruit             |       |       |     1 ||     1
Armor: Robe              |    10 |    12 |     6 ||    28
       Skin              |       |    24 |       ||    24
Dodge: Dodged            |    58 |    80 |    60 ||   198
